 Dungeon Crawl Stone Soup version 0.28-a0-1406-ga8dd43b1d0 (webtiles) character file.

Game seed: 8494335185366781407

103874 Grim the Bludgeoner (level 15, -17/139 HPs)
             Began as a Minotaur Fighter on Jan 6, 2022.
             Was the Champion of the Shining One.
             Demolished by Saint Roka (45 damage)
             ... on level 2 of the Orcish Mines.
             The game lasted 00:50:00 (23621 turns).

Grim the Bludgeoner (Minotaur Fighter)             Turns: 23621, Time: 00:50:00

Health: -17/139    AC: 30    Str: 22    XL:     15   Next: 90%
Magic:  18/18      EV: 12    Int: 16    God:    the Shining One [******]
Gold:   1414       SH:  8    Dex: 12    Spells: 13/14 levels left

rFire   . . .      SeeInvis .   z - +2 eveningstar (protect)
rCold   + + +      Faith    .   Y - +2 buckler
rNeg    + + +      Spirit   .   Z - +1 plate armour {rC+}
rPois   .          Reflect  .   (helmet restricted)
rElec   .          Harm     .   m - +0 cloak
rCorr   .          Rampage  .   P - +3 pair of gloves of the Eternal Void {rF+ Int+7}
Will    +....                   (no boots)
Stlth   ..........              n - amulet of regeneration
HPRegen 1.13/turn               g - ring of protection from cold
MPRegen 0.16/turn               L - ring of ice

@: under a protective aura, glowing, studying Conjurations
A: horns 2, retaliatory headbutt, low mp 2, screaming 1
a: Renounce Religion, Divine Shield, Cleansing Flame, Summon Divine Warrior,
Brand Weapon With Holy Wrath


You were on level 2 of the Orcish Mines.
You worshipped the Shining One.
The Shining One was exalted by your worship.
You visited 3 branches of the dungeon, and saw 23 of its levels.
You also visited: Ice Cave.

You collected 2337 gold pieces.
You spent 923 gold pieces at shops.

Inventory:

Hand Weapons
 z - a +2 eveningstar of protection (weapon)
 W - a +0 demon whip
Missiles
 h - 19 boomerangs
 s - 3 curare-tipped darts
 u - 103 poisoned darts
 H - 5 atropa-tipped darts
 K - 3 javelins
Armour
 m - a +0 cloak (worn)
 q - a +0 kite shield of protection
 y - the +0 pair of gloves of Niedd {Int+4 Dex+4}
   (You found it in an ice cave)

   Int:       It affects your intelligence (+4).
   Dex:       It affects your dexterity (+4).
 P - the +3 pair of gloves of the Eternal Void (worn) {rF+ Int+7}
   (You bought it in a shop on level 10 of the Dungeon)

   Int:       It affects your intelligence (+7).
   rF:        It protects you from fire.
 Y - a +2 buckler (worn)
 Z - a +1 plate armour of cold resistance (worn)
Jewellery
 g - a ring of protection from cold (left hand)
 n - an amulet of regeneration (around neck)
 p - a ring of resist corrosion
 x - a ring of positive energy
 L - a ring of ice (right hand)
 Q - the ring "Riskag" {Ice MP+9}
   (You found it in an ice cave)

   [ring of ice]

   It enhances your ice magic.
   rF:        It makes you vulnerable to fire.
   rC:        It protects you from cold.
   MP:        It affects your magic capacity (+9).
Wands
 a - a wand of charming (2)
 A - a wand of flame (32)
 E - a wand of polymorph (17)
 F - a wand of iceblast (26) (quivered)
 G - a wand of acid (2)
 N - a wand of mindburst (7)
 R - a wand of digging (16)
Scrolls
 c - a scroll of torment
 e - 5 scrolls of enchant weapon
 f - a scroll of silence
 l - 3 scrolls of identify
 o - 5 scrolls of teleportation
 r - 6 scrolls of enchant armour
 t - 6 scrolls of fog
 B - a scroll of brand weapon {unknown}
 V - 3 scrolls of vulnerability
 X - 3 scrolls of noise
Potions
 b - 3 potions of magic
 d - 3 potions of berserk rage
 i - 4 potions of ambrosia
 j - 7 potions of curing
 k - 6 potions of heal wounds
 v - 3 potions of brilliance
 w - 3 potions of lignification
 D - a potion of cancellation {unknown}
 M - 2 potions of haste {unknown}
 S - a potion of resistance {unknown}
 T - 2 potions of flight {unknown}
 U - a potion of attraction {unknown}
Miscellaneous
 C - a piece from Xom's chessboard (15/15)
 I - a box of beasts
 J - a tin of tremorstones (1/2)
 O - a phial of floods


   Skills:
 + Level 14.6 Fighting
 - Level 15.0 Maces & Flails
 - Level 14.3 Armour
 - Level 15.0 Dodging
 * Level 9.5 Shields
 - Level 12.0 Invocations
 - Level 6.1 Evocations


You had 13 spell levels left.
You knew the following spells:

 Your Spells              Type           Power      Damage    Failure   Level
a - Apportation           Tloc           0%         N/A       97%         1

Your spell library contained the following spells:

 Spells                   Type           Power      Damage    Failure   Level
 Beastly Appendage        Tmut           0%         N/A       97%         1
 Blink                    Tloc           0%         N/A       99%         2
 Ensorcelled Hibernation  Hex/Ice        0%         N/A       99%         2
 Static Discharge         Conj/Air       0%         N/A       99%         2
 Sublimation of Blood     Necr           0%         N/A       99%         2
 Wereblood                Tmut           0%         N/A       99%         2
 Dazzling Flash           Conj/Hex       0%         N/A       100%        3
 Ozocubu's Armour         Ice            0%         N/A       100%        3
 Portal Projectile        Hex/Tloc       0%         N/A       100%        3
 Spider Form              Tmut/Pois      0%         N/A       100%        3
 Tukima's Dance           Hex            0%         N/A       100%        3
 Airstrike                Air            0%         N/A       100%        4
 Animate Dead             Necr           0%         N/A       100%        4
 Passage of Golubria      Tloc           0%         N/A       100%        4
 Petrify                  Tmut/Erth      0%         N/A       100%        4
 Summon Lightning Spire   Summ/Air       0%         N/A       100%        4
 Agony                    Necr           0%         N/A       100%        5
 Alistair's Intoxication  Tmut/Pois      0%         N/A       100%        5
 Blade Hands              Tmut           0%         N/A       100%        5
 Borgnjor's Vile Clutch   Necr/Erth      0%         N/A       100%        5
 Excruciating Wounds      Necr           0%         N/A       100%        5
 Freezing Cloud           Conj/Ice/Air   0%         6-21      100%        5
 Irradiate                Conj/Tmut      0%         3d13      100%        5
 Lightning Bolt           Conj/Air       0%         1d11      100%        5
 Manifold Assault         Tloc           0%         N/A       100%        5
 Metabolic Englaciation   Hex/Ice        0%         N/A       100%        5
 Silence                  Hex/Air        0%         N/A       100%        5
 Yara's Violent Unravell  Hex/Tmut       0%         3d3       100%        5
 Conjure Ball Lightning   Conj/Air       0%         3x3d6     100%        6
 Death Channel            Necr           0%         N/A       100%        6
 Simulacrum               Ice/Necr       0%         N/A       100%        6
 Dragon Form              Tmut           0%         N/A       100%        7
 Storm Form               Tmut/Air       0%         N/A       100%        7
 Discord                  Hex            0%         N/A       100%        8
 Disjunction              Tloc           0%         N/A       100%        8
 Lehudib's Crystal Spear  Conj/Erth      0%         10d2      100%        8
 Maxwell's Capacitive Co  Air            0%         ∞         100%        8
 Polar Vortex             Ice            0%         N/A       100%        9


Dungeon Overview and Level Annotations

Branches:
Dungeon (15/15)            Temple (0/1) D:6            Lair (6/6) D:10
  Swamp (0/4) Lair:4       Spider (0/4) Lair:3        Slime (0/5) Lair:5
    Orc (2/2) D:11         Vaults (0/5) D:13         Depths (0/4) D:15
  IceCv (visited)
    Elf: Orc:2

Altars:
Ashenzari
Cheibriados
Dithmenos
Elyvilon
Fedhas
Gozag
Hepliaklqana
Makhleb
Nemelex Xobeh
Okawaru
Qazlal
Trog
The Shining One

Shops:
D:4 ?   D:9 (   D:10 [   Orc:2 [*

Annotations:
Lair:2 1 runed translucent door, generaletaddeo's ghost, journeyman HOCA
Orc:2 Jorgrun; Saint Roka


Innate Abilities, Weirdness & Mutations

You have a pair of horns on your head.
You reflexively headbutt those who attack you in melee.
Your magical capacity is very low. (-20% MP)
You occasionally shout uncontrollably at your foes.


Message History

You completely miss Saint Roka.
You headbutt Saint Roka, but do no damage.
Saint Roka is lightly wounded.
Your angel hits Saint Roka with a +2 sacred scourge of holy wrath!
Your angel hits Saint Roka but does no damage.
You block Saint Roka's attack. The stone giant misses you.
You furiously retaliate!
You headbutt the stone giant, but do no damage.
The orc priest barely misses you.
You hit Saint Roka. Your headbutt misses Saint Roka.
Saint Roka is lightly wounded.
The orc priest no longer looks unusually strong.
Your angel hits Saint Roka with a +2 sacred scourge of holy wrath!
Your angel hits Saint Roka with a +2 sacred scourge of holy wrath.
Saint Roka roars a battlecry!
The orc priest goes into a battle-frenzy!
The stone giant hits you but does no damage.
Your angel hits Saint Roka with a +2 sacred scourge of holy wrath!
Your angel hits Saint Roka but does no damage.
You thump Saint Roka!
You headbutt Saint Roka, but do no damage.
Saint Roka is moderately wounded.
You block the orc priest's attack.
Saint Roka says, "Down here, you're an orc or you're nobody."
Saint Roka mumbles some strange prayers to Beogh against you.
Beogh smites you!
* * * LOW HITPOINT WARNING * * *
Your angel hits Saint Roka with a +2 sacred scourge of holy wrath!!
Your angel hits Saint Roka but does no damage.
You hit Saint Roka but do no damage.
You headbutt Saint Roka, but do no damage.
Saint Roka is heavily wounded.
You block the stone giant's attack.
The orc priest hits you but does no damage.
Your angel closely misses Saint Roka.
Your angel hits Saint Roka but does no damage.
You hit Saint Roka but do no damage.
Saint Roka is heavily wounded.
Saint Roka hits you with a +3 great mace of protection!!!
You die...

.#.....##.#.## ###.##
..#........#.###.### ..
..........#...#....###.#
.........#.......)..#.## .
##.......##.#..........#..
..........###.............
.......#...#.).....#......
......#.........)o#.......
.............)#o@)........
.............CA)).......
...........).......
.8.................
...................
.∩....P............
..................#
.................
...............


You could see Saint Roka (strong, ally target), a stone giant, an orc priest
(strong) and a friendly angel (summoned).

Vanquished Creatures
  Rupert (D:15)
  2 frost giants (IceCv)
  2 cacodemons (D:14)
  An orc warlord (Orc:2)
  Azrael (D:14)
  A white draconian (IceCv)
  Snorg (D:10)
  A blizzard demon (D:14)
  An ettin (Orc:2)
  A fire dragon (Lair:6)
  11 hydras
  A boulder beetle (D:14)
  3 ironbound frosthearts (IceCv)
  An ogre mage (Orc:1)
  6 two-headed ogres
  3 centaur warriors
  A death knight (D:13)
  2 dancing weapons (D:13)
  5 death yaks
  2 skeletal warriors (D:15)
  A storm dragon skeleton (D:15)
  An orb spider (Lair:3)
  An orange crystal statue (IceCv)
  A shadow dragon zombie (D:15)
  A phantasmal warrior (D:15)
  A wizard (D:15)
  An orc knight (Orc:2)
  Pikel (D:9)
  A necromancer (D:15)
  The ghost of Gargoyl the Skirmisher, a novice GnAK of Lugonu (D:6)
  A lindwurm (Lair:6)
  A faun (shapeshifter) (D:9)
  An orc sorcerer (Orc:2)
  19 ugly things
  2 cyclopes
  2 manticores
  A rust devil (D:14)
  Joseph (D:10)
  A frost giant skeleton (D:15)
  16 elephants
  8 black mambas
  Maggie (D:6)
  3 molten gargoyles (Lair:6)
  2 torpor snails
  A smoke demon (D:14)
  12 cane toads
  Psyche (D:8)
  2 kobold demonologists (D:14)
  2 freezing wraiths
  An efreet (D:15)
  2 ice devils (D:14)
  19 rime drakes
  2 unseen horrors
  A tengu conjurer (D:13)
  9 komodo dragons
  A hellwing (D:14)
  A queen bee (shapeshifter) (D:13)
  A red devil (D:14)
  10 polar bears (IceCv)
  5 trolls
  A tyrant leech (Lair:3)
  2 hornets
  A meliai zombie (D:10)
  4 dream sheep (Lair:5)
  A spriggan zombie (D:15)
  3 slime creatures (D:13)
  14 blink frogs
  A wraith (D:12)
  40 yaks
  7 wyverns
  Eustachio (D:4)
  7 basilisks
  2 fire elementals (D:15)
  7 vampire mosquitoes (D:14)
  2 steam dragons
  2 chaos spawn (D:14)
  2 neqoxecs (D:14)
  3 swamp worms
  A warg (Orc:1)
  An acid dragon (D:10)
  15 water moccasins
  Duvessa (D:7)
  8 hell hounds
  A spectral hornet (D:6)
  A black bear (D:5)
  16 orc warriors
  A necrophage (D:6)
  6 ogres
  11 wolves
  13 centaurs
  2 kobold brigands
  14 bullfrogs
  3 scorpions
  A water moccasin skeleton (D:7)
  Dowan (D:7)
  13 killer bees
  12 wights
  4 howler monkeys (D:8)
  8 electric eels
  6 centaur zombies
  2 hounds (D:6)
  7 lava snakes
  9 orc priests
  5 jellies
  A centaur skeleton (D:5)
  An iguana (D:5)
  8 orc wizards
  A spectral killer bee (D:6)
  A centaur simulacrum (D:6)
  3 howler monkey zombies
  11 gnolls
  A howler monkey skeleton (D:5)
  4 adders
  A white imp (D:6)
  An ufetubus (D:4)
  An adder skeleton (D:5)
  A worm (D:3)
  A dart slug (D:1)
  44 orcs
  11 ball pythons
  3 bats (D:1)
  4 endoplasms
  5 giant cockroaches
  8 hobgoblins
  20 kobolds
  2 quokkas
  11 goblins
  4 rats
596 creatures vanquished.

Vanquished Creatures (collateral kills)
  A balrug (D:14)
  An orc knight (Orc:2)
  A cyclops (Orc:2)
  4 ugly things (IceCv)
  2 polar bears (IceCv)
  3 orc warriors (Orc:2)
  An ogre (Orc:2)
  An orc priest (Orc:2)
  4 orcs (Orc:2)
18 creatures vanquished.

Vanquished Creatures (others)
  2 orcs (Orc:2)
  25 fungi
  34 plants
  6 withered plants (D:15)
67 creatures vanquished.

Grand Total: 681 creatures vanquished

Notes
Turn   | Place    | Note
-------+----------+-------------------------------------------
     0 | D:1      | Grim the Minotaur Fighter began the quest for the Orb.
     0 | D:1      | Reached XP level 1. HP: 19/19 MP: 0/0
   196 | D:1      | Reached XP level 2. HP: 26/26 MP: 1/1
   438 | D:1      | Reached XP level 3. HP: 26/31 MP: 2/2
  1164 | D:2      | Reached skill level 5 in Maces & Flails
  1636 | D:2      | Reached XP level 4. HP: 39/39 MP: 3/3
  2006 | D:3      | Found a glowing golden altar of the Shining One.
  2013 | D:3      | Noticed an ogre
  2027 | D:3      | Killed an ogre
  2028 | D:3      | Reached XP level 5. HP: 33/45 MP: 4/4
  2037 | D:3      | Became a worshipper of the Shining One
  2652 | D:4      | Reached skill level 1 in Invocations
  2652 | D:4      | Reached XP level 6. HP: 51/51 MP: 5/5
  2691 | D:4      | Found Lailana's Magic Scroll Shoppe.
  2879 | D:4      | Found a white marble altar of Elyvilon.
  3065 | D:4      | Noticed Eustachio
  3094 | D:4      | Killed Eustachio
  3328 | D:5      | Entered Level 5 of the Dungeon
  3340 | D:5      | Reached XP level 7. HP: 49/57 MP: 7/7
  3410 | D:5      | Found an opulent altar of Gozag.
  3488 | D:5      | Found a burning altar of Makhleb.
  3807 | D:5      | Reached skill level 10 in Maces & Flails
  3976 | D:6      | Noticed Maggie
  3982 | D:6      | Reached XP level 8. HP: 64/64 MP: 8/10
  3994 | D:6      | Killed Maggie
  4038 | D:6      | Found a stormy altar of Qazlal.
  4056 | D:6      | Reached * piety under the Shining One
  4082 | D:6      | Reached skill level 5 in Invocations
  4241 | D:6      | Found a bloodstained altar of Trog.
  4273 | D:6      | Found a staircase to the Ecumenical Temple.
  4505 | D:6      | Found a runed translucent gate.
  4507 | D:6      | Found a runed translucent gate.
  4508 | D:6      | Found a runed translucent gate.
  4509 | D:6      | Noticed Gargoyl's ghost (novice GnAK)
  4519 | D:6      | You fall into a shaft and drop 3 floors!
  4519 | D:9      | Found a shadowy altar of Dithmenos.
  4696 | D:8      | Reached XP level 9. HP: 68/70 MP: 12/12
  4809 | D:8      | Reached ** piety under the Shining One
  4956 | D:8      | Found an iron altar of Okawaru.
  5105 | D:8      | Found a hazy altar of Hepliaklqana.
  5145 | D:8      | Noticed Psyche
  5149 | D:8      | Killed Psyche
  5718 | D:7      | Reached XP level 10. HP: 64/77 MP: 14/14
  5788 | D:7      | Noticed Duvessa
  5788 | D:7      | Noticed Dowan
  5795 | D:7      | Killed Duvessa
  5801 | D:7      | Killed Dowan
  5903 | D:7      | Reached skill level 15 in Maces & Flails
  6575 | D:6      | Killed Gargoyl's ghost
  6576 | D:6      | Reached skill level 5 in Fighting
  6579 | D:6      | Reached *** piety under the Shining One
  6820 | D:9      | Found a snail-covered altar of Cheibriados.
  6838 | D:9      | Found a broken altar of Ashenzari.
  6880 | D:9      | Found a sparkling altar of Nemelex Xobeh.
  7256 | D:9      | Noticed a faun
  7265 | D:9      | Killed a faun
  7296 | D:9      | Noticed Pikel
  7308 | D:9      | Killed Pikel
  7309 | D:9      | Reached XP level 11. HP: 87/97 MP: 16/16
  7432 | D:9      | Found Qoata's Antique Weapon Emporium.
  7745 | D:10     | Entered Level 10 of the Dungeon
  7893 | D:10     | Found Dieg's Antique Armour Boutique.
  7896 | D:10     | Bought a pair of brightly glowing gloves for 247 gold
                  | pieces
  7896 | D:10     | Identified the +3 pair of gloves of the Eternal Void {rF+
                  | Int+7} (You bought it in a shop on level 10 of the Dungeon)
  7952 | D:10     | Found a staircase to the Lair.
  8051 | D:10     | Noticed Joseph
  8063 | D:10     | Killed Joseph
  8064 | D:10     | Reached skill level 10 in Fighting
  8210 | D:10     | Noticed Snorg
  8307 | D:10     | Killed Snorg
  8308 | D:10     | Reached skill level 10 in Invocations
  9066 | D:11     | Noticed a two-headed ogre
  9079 | D:11     | Noticed a two-headed ogre
  9080 | D:11     | Killed a two-headed ogre
  9103 | D:11     | Reached skill level 5 in Armour
  9109 | D:11     | Killed a two-headed ogre
  9265 | D:11     | Found a staircase to the Orcish Mines.
  9265 | D:11     | Reached **** piety under the Shining One
  9944 | D:12     | Noticed a two-headed ogre
  9956 | D:12     | Killed a two-headed ogre
  9957 | D:12     | Reached XP level 12. HP: 70/115 MP: 18/18
 10366 | D:13     | Noticed a centaur warrior
 10378 | D:12     | Killed a centaur warrior
 10379 | D:12     | Reached skill level 1 in Dodging
 10553 | D:13     | Noticed a six-headed hydra
 10675 | D:13     | Noticed a death knight
 10698 | D:13     | Found a gate to the Vaults.
 10837 | Lair:1   | Entered Level 1 of the Lair of Beasts
 11439 | Lair:1   | Reached skill level 5 in Dodging
 11452 | Lair:1   | Noticed an eight-headed hydra
 11488 | Lair:1   | Killed an eight-headed hydra
 12144 | Lair:2   | Found a runed translucent door.
 12147 | Lair:2   | Noticed generaletaddeo's ghost (journeyman HOCA)
 12148 | Lair:2   | Identified the +7 trident of Qexeczoax {freeze, Str+5
                  | Int+3}
 12805 | Lair:3   | Reached skill level 10 in Armour
 12962 | Lair:3   | Reached ***** piety under the Shining One
 13640 | Lair:3   | Reached XP level 13. HP: 118/122 MP: 19/19
 13704 | Lair:3   | Found a hole to the Spider Nest.
 14879 | Lair:4   | Found a staircase to the Swamp.
 15326 | Lair:4   | Reached skill level 10 in Dodging
 15609 | Lair:4   | Identified a scroll of acquirement
 15610 | Lair:4   | Acquired a +2 eveningstar of protection
 15959 | Lair:5   | Found a staircase to the Slime Pits.
 16861 | Lair:6   | Entered Level 6 of the Lair of Beasts
 17062 | Lair:6   | Reached XP level 14. HP: 122/129 MP: 20/20
 17459 | Lair:6   | Reached skill level 1 in Evocations
 17994 | Lair:6   | Found a large runed translucent door.
 18280 | Lair:6   | Found a large runed translucent door.
 18729 | D:10     | Bought a glowing plate armour for 676 gold pieces
 19209 | D:14     | Gained mutation: Your magical capacity is low. (-10% MP) [a
                  | neqoxec]
 19212 | D:14     | Gained mutation: You occasionally shout uncontrollably at
                  | your foes. [a neqoxec]
 19237 | D:14     | Noticed a cacodemon
 19237 | D:14     | Noticed a cacodemon
 19242 | D:14     | Gained mutation: Your magical capacity is very low. (-20%
                  | MP) [a cacodemon]
 19257 | D:14     | Killed a cacodemon
 19263 | D:14     | Killed a cacodemon
 19355 | D:14     | Found a burning altar of Makhleb.
 19357 | D:14     | Noticed a balrug
 19371 | D:14     | Killed a balrug
 19553 | D:14     | Identified the +1 spear of the Chopping Rat {freeze, Str+8}
 19646 | D:14     | Found a frozen archway.
 19653 | IceCv    | Entered an ice cave
 20256 | IceCv    | Identified the +0 pair of gloves of Niedd {Int+4 Dex+4}
 20305 | IceCv    | Noticed a frost giant
 20305 | IceCv    | Noticed a frost giant
 20337 | IceCv    | Reached skill level 5 in Evocations
 20386 | IceCv    | Reached XP level 15. HP: 74/135 MP: 17/17
 20563 | IceCv    | Killed a frost giant
 20677 | IceCv    | Killed a frost giant
 20880 | IceCv    | Reached skill level 15 in Dodging
 20954 | IceCv    | Identified the ring "Riskag" {Ice MP+9}
 21802 | D:14     | Learned a level 1 spell: Apportation
 21945 | D:15     | Entered Level 15 of the Dungeon
 21960 | D:15     | Reached ****** piety under the Shining One
 22035 | D:15     | Noticed Azrael
 22073 | D:14     | Killed Azrael
 22074 | D:14     | Reached skill level 5 in Shields
 22280 | D:15     | Found a staircase to the Depths.
 22677 | D:15     | Noticed Rupert
 22696 | D:15     | Killed Rupert
 22771 | D:15     | Found a blossoming altar of Fedhas.
 22980 | Orc:1    | Entered Level 1 of the Orcish Mines
 23361 | Orc:2    | Entered Level 2 of the Orcish Mines
 23367 | Orc:2    | Noticed an orc warlord
 23381 | Orc:1    | You fall into a shaft and drop 1 floor!
 23381 | Orc:2    | Found Gogrotuu's Antique Armour Emporium.
 23383 | Orc:2    | Noticed Saint Roka
 23390 | Orc:2    | Noticed Jorgrun
 23417 | Orc:2    | Killed an orc warlord
 23597 | Orc:2    | Found Goalub's General Store.
 23616 | Orc:2    | The Shining One protects you from harm!
 23621 | Orc:2    | Demolished by Saint Roka

Illustrated notes

Levels and vault maps discovered:
D:1:      giann_wishing_wells, layout_loops_ring, minmay_pentomino_s4
D:2:      layout_loops_ring
D:3:      layout_loops_ring, mainiacjoe_overflow_small_starburst
D:4:      layout_loops_ring, elyvilon_altar_1, serial_shops,
          nicolae_square_shop, uniq_eustachio
D:5:      layout_rooms, grunt_gozag_breadcrumbs, mainiacjoe_overflow_paths
D:6:      layout_loops_ring, mainiacjoe_overflow_catch_the_wave,
          minmay_temple_entry_offerings, gammafunk_ghost_necromancy,
          chequers_serial_rivers_micro_b, corexii_leaking_fountain, uniq_maggie
D:7:      layout_gridville, grunt_ministairs_13, uniq_duvessa
D:8:      layout_loops_ring, nicolae_hepliaklqana_hazy_memory,
          mainiacjoe_overflow_surrounded_room, moated_statue, uniq_psyche
D:9:      layout_gridville, nicolae_overflow_squiral, overflow_temple_1_default,
          nemelex_diamond_rough_becter, serial_shops, nicolae_shop_crystal,
          uniq_pikel
D:10:     layout_irregular_city, david_lair_shrubbed, serial_shops,
          kennysheep_mini, lightli_minifort, uniq_snorg, uniq_joseph
D:11:     layout_loops_cross, david_orc_3, hangedman_decor_growths
D:12:     layout_cave_pools
D:13:     layout_big_octagon, erik_vaults_1
D:14:     evilmike_makhleb_hellhole, layout_irregular_city,
          portal_ice_cave_entry_pillars_three
D:15:     gammafunk_depths_entry_grave, layout_rooms, fedhas_altar_1,
          uniq_azrael, uniq_rupert
Lair:1:   layout_gridlike
Lair:2:   layout_concentric_octagons, ebering_ghost_funeral_grove
Lair:3:   layout_misc_corridors, nicolae_spider_entry_orb_guardian,
          serial_rivers, chequers_serial_rivers_small_a,
          chequers_serial_rivers_micro_a, chequers_serial_rivers_micro_b,
          chequers_serial_rivers_room_b
Lair:4:   layout_regular_city, palyth_hydra_swamp_entry,
          nicolae_lair_liquid_snakes, serial_bayou_shore_a, lemuel_fruit_fields
Lair:5:   layout_cave_shapes, dpeg_slime_entry_corner,
          chequers_serial_rivers_large_a, eino_small_chamber_without_monster,
          grunt_megastairs_5
Lair:6:   cheibrodos_lair_end_hotspot, layout_regular_city,
          nicolae_quartered_pool_impasse
Orc:1:    layout_caves
Orc:2:    grunt_orc_gardens, layout_caves, grunt_orc_garden, grunt_orc_garden,
          grunt_orc_garden, grunt_orc_garden, serial_shops, nicolae_shop_trees,
          biasface_ghost_orc_armoury, uniq_josephine, uniq_jorgrun,
          uniq_saint_roka

Skill      XL: |  1  2  3  4  5  6  7  8  9 10 11 12 13 14 15 |
---------------+----------------------------------------------+-----
Maces & Flails | 3 4 5 6 7 8 10 12 14 15 | 15.0
Invocations    | 1 2 4 5 7 9 10 11 12 | 12.0
Fighting       | 9 13 14 | 14.6
Armour         | 6 11 14 | 14.3
Dodging        | 8 11 14 15 | 15.0
Evocations     | 5 6 |  6.1
Shields        | 9 |  9.5

Action                   |  1- 3 |  4- 6 |  7- 9 | 10-12 | 13-15 || total
-------------------------+-------+-------+-------+-------+-------++-------
Melee: Flail             |    90 |    84 |   244 |    60 |       ||   478
       Headbutt          |     5 |    13 |    56 |   269 |   394 ||   737
       Whip              |       |       |       |   814 |   271 ||  1085
       Eveningstar       |       |       |       |       |   992 ||   992
Throw: Boomerang         |       |    27 |    31 |     6 |       ||    64
       Dart              |       |       |     4 |    16 |       ||    20
Invok: Divine Shield     |       |       |       |     3 |     4 ||     7
       Cleansing Flame   |       |       |       |       |     5 ||     5
       Summon Divine War |       |       |       |       |     3 ||     3
Evoke: Wand              |       |       |     3 |       |     3 ||     6
       Tin of tremorston |       |       |       |       |     2 ||     2
       Box of beasts     |       |       |       |       |     1 ||     1
  Use: Potion            |       |     1 |     1 |     3 |     4 ||     9
       Scroll            |       |     5 |     1 |    13 |    15 ||    34
Armor: Scale mail        |    43 |    30 |    13 |       |       ||    86
       Plate armour      |       |       |   105 |   475 |   770 ||  1350
Dodge: Dodged            |    43 |    27 |    42 |   203 |   509 ||   824
Block: Buckler           |    17 |     5 |    37 |   233 |   384 ||   676

Table legend: (Time is in decaauts)
 A = Elapsed time spent in this place.
 B = Non-inter-level travel time spent in this place.
 C = Inter-level travel time spent in this place.
 D = Time resting spent in this place.
 E = Time spent auto-exploring this place.
 F = Levels seen in this place.
 G = Mean time per level.
                   A        B        C        D        E       F      G
               +--------+--------+--------+--------+--------+-----+--------+
         Total |  23056 |  21589 |   1467 |   3786 |  13134 |  24 |  960.7 |
       Dungeon |  13631 |  12545 |   1086 |   1599 |   8362 |  15 |  908.7 |
          Lair |   7407 |   7047 |    360 |   1543 |   4072 |   6 | 1234.5 |
  Orcish Mines |    616 |    596 |     20 |    147 |    269 |   2 |  308.0 |
      Ice Cave |   1400 |   1400 |      0 |    496 |    430 |   1 | 1400.0 |
               +--------+--------+--------+--------+--------+-----+--------+

Top non-repeatable levels by time:
  Lair:4: 1732 daAuts
  Lair:6: 1601 daAuts
    D:14: 1511 daAuts
   IceCv: 1400 daAuts
    D:10: 1267 daAuts
  Lair:3: 1203 daAuts
     D:8: 1138 daAuts
     D:1: 1111 daAuts
     D:9: 1027 daAuts
  Lair:1: 1027 daAuts
  Lair:5: 951 daAuts
  Lair:2: 890 daAuts
     D:2: 886 daAuts
    D:11: 859 daAuts
     D:6: 858 daAuts
